 Dungeon Crawl Stone Soup version 0.23.2-1-ga50397a6bc (webtiles) character file.

Game seed: 2423681929656134129

18422 Menchi the Blocker (level 12, -1/145 HPs)
             Began as a Gnoll Fighter on May 6, 2019.
             Was a High Priest of Dithmenos.
             Slain by an ogre
             ... wielding a +0 giant club
              (13 damage)
             ... on level 2 of the Orcish Mines.
             The game lasted 00:26:52 (9626 turns).

Menchi the Blocker (Gnoll Fighter)                  Turns: 9626, Time: 00:26:54

Health: -1/145     AC: 31    Str: 28    XL:     12   Next: 58%
Magic:  22/22      EV:  2    Int: 10    God:    Dithmenos [*****.]
Gold:   1272       SH:  0    Dex: 16    Spells: 22/25 levels left

rFire    . . .     SeeInvis .   j - +7 hand axe (chop)
rCold    . . .     Gourm    .   (no shield)
rNeg     + + +     Faith    .   (armour currently unavailable)
rPois    +         Spirit   .   (helmet currently unavailable)
rElec    .         Reflect  .   (cloak currently unavailable)
rCorr    .         Harm     .   (gloves currently unavailable)
MR       .....     NoTele   +   (boots currently unavailable)
Stlth    ++++++....             (no amulet)
HPRegen  0.34/turn              y - +5 ring of protection
MPRegen  0.18/turn              A - +4 ring of evasion

@: mighty, tree-form, wreathed by umbra
A: distributed training, strong nose
a: Shadow Step, Shadow Form, Renounce Religion


You were on level 2 of the Orcish Mines.
You worshipped Dithmenos.
Dithmenos was extremely pleased with you.
You were not hungry.
You were a tree.
You visited 2 branches of the dungeon, and saw 12 of its levels.
You also visited: Sewer.

You collected 1272 gold pieces.

Inventory:

Hand Weapons
 j - a +7 hand axe of chopping (weapon)
Armour
 c - a +0 shield
 q - a +2 pair of gloves (melded)
 u - a +3 ring mail (melded)
Jewellery
 t - an uncursed ring of flight
 x - an uncursed ring of wizardry
 y - a +5 ring of protection (left branch)
 z - an uncursed ring of poison resistance
 A - a +4 ring of evasion (right branch)
 G - an uncursed ring of see invisible
Wands
 a - a wand of polymorph (7)
 C - a wand of iceblast (12)
 E - a wand of acid (8)
Scrolls
 k - 4 scrolls of magic mapping
 n - a scroll of fear
 r - 3 scrolls of teleportation
 s - 8 scrolls of identify
 v - 2 scrolls of remove curse
 w - 2 scrolls of blinking
 D - a scroll of vulnerability {unknown}
Potions
 b - a potion of magic
 e - a potion of cancellation {unknown}
 g - a potion of berserk rage
 h - 2 potions of lignification
 i - 3 potions of flight
 l - 4 potions of curing
 o - 2 potions of mutation
 p - a potion of brilliance
 B - a potion of haste {unknown}
 F - a potion of agility {unknown}
Comestibles
 f - 22 rations
 H - 3 chunks of flesh


   Skills:
 + Level 9.8 Fighting
 + Level 7.3 Short Blades
 + Level 8.7 Long Blades
 + Level 7.3 Axes
 + Level 7.3 Maces & Flails
 + Level 7.3 Polearms
 + Level 7.3 Staves
 + Level 7.3 Slings
 + Level 7.3 Bows
 + Level 7.3 Crossbows
 + Level 7.3 Throwing
 + Level 9.8 Armour
 + Level 7.3 Dodging
 + Level 7.3 Stealth
 + Level 9.8 Shields
 + Level 7.3 Unarmed Combat
 + Level 7.3 Spellcasting
 + Level 6.0 Conjurations
 + Level 6.0 Hexes
 + Level 6.0 Charms
 + Level 6.0 Summonings
 + Level 6.0 Necromancy
 + Level 6.0 Translocations
 + Level 6.0 Transmutations
 + Level 6.0 Fire Magic
 + Level 6.0 Ice Magic
 + Level 6.0 Air Magic
 + Level 6.0 Earth Magic
 + Level 6.0 Poison Magic
 + Level 8.0 Invocations
 + Level 7.3 Evocations


You had 22 spell levels left.
You knew the following spells:

 Your Spells              Type           Power        Failure   Level  Hunger
a - Dazzling Spray        Conj/Hex       ###...       4%          3    ###....

Your spell library contained the following spells:

 Spells                   Type           Power        Failure   Level  Hunger
 Magic Dart               Conj           ###.         1%          1    None
 Searing Ray              Conj           ###...       2%          2    ##.....
 Force Lance              Conj/Tloc      ###.....     16%         4    ####...
 Fulminant Prism          Conj/Hex       ###.......   16%         4    ####...
 Iskenderun's Mystic Bla  Conj           ###.....     16%         4    ####...


Dungeon Overview and Level Annotations

Branches:
Dungeon (10/15)            Temple (0/1) D:5            Lair (0/6) D:8
    Orc (2/2) D:10            Elf (0/3) Orc:2

Altars:
Dithmenos
Elyvilon
Fedhas
Gozag
Hepliaklqana
Kikubaaqudgha
Nemelex Xobeh
Okawaru
Qazlal
Ru
Vehumet
Wu Jian
Yredelemnul

Annotations:
D:5 1 runed translucent door
D:10 3 runed translucent doors, fairgil's ghost, novice MiFi


Innate Abilities, Weirdness & Mutations

Your experience applies equally to all skills.
((You have very sharp teeth.))
Your uncanny sense of smell can sniff out nearby items.


Message History

The troll bites you but does no damage.
The troll claws you but does no damage. x2
The two-headed ogre hits you with a +0 giant club!
* * * LOW HITPOINT WARNING * * *
The two-headed ogre barely misses you.
You feel better.
The deep troll shouts!
The ogre hits you with a +0 giant club!
* * * LOW HITPOINT WARNING * * *
The troll bites you but does no damage. The troll claws you but does no damage.
The troll claws you!
* * * LOW HITPOINT WARNING * * *
An ogre mage comes into view. It is wielding a +0 spear.
You slice the two-headed ogre!!
You kill the two-headed ogre!
Dithmenos accepts your kill.
Your Invocations skill increases to level 8!
You slash the ogre! You closely miss the troll.
An ogre comes into view. It is wielding a +0 giant spiked club.
The ogre hits you with a +0 giant club!
You die...

#..........###
#.#........#
###.......##
#..........# ####
#..........### #.#$##
#..))))......# ##.....#
...).#.......###..)...#O
.....#.#.......#OO)).ToO
.....####.......♣T# ∆
....###..........##
....###.........##
.....#.......####
>.<...........
#..........#.# ∆
#.........### ##........
#......#.


You could see an ogre mage, a deep troll, a troll, 3 ogres and an orc.

Vanquished Creatures
  Erica (D:10)
  10 two-headed ogres
  An orc knight (Orc:2)
  An orc sorcerer (Orc:2)
  6 trolls
  A hippogriff (D:9)
  A wyvern (D:9)
  A human (D:8)
  14 yaks
  3 hogs (D:8)
  2 hungry ghosts
  A warg (Orc:1)
  A porcupine (D:8)
  A black bear (D:7)
  8 orc warriors
  A necrophage (D:10)
  2 ice beasts
  2 sky beasts
  14 ogres
  3 centaurs
  A big kobold (D:10)
  9 bullfrogs
  A gnoll sergeant (D:7)
  A scorpion (D:10)
  5 wights (D:10)
  7 killer bees
  5 howler monkeys
  An electric eel (D:6)
  6 crimson imps
  A centaur zombie (D:8)
  A quasit (D:10)
  3 hounds
  3 jellies
  A centaur skeleton (D:10)
  13 orc priests
  An iguana (D:6)
  11 orc wizards
  7 worker ants
  A hound skeleton (D:7)
  A worker ant zombie (D:9)
  5 gnolls (D:7)
  18 adders
  3 shadow imps
  14 oozes
  An adder zombie (D:6)
  7 worms
  4 dart slugs
  16 leopard geckos
  62 orcs
  7 giant cockroaches
  16 goblins
  4 hobgoblins
  4 jackals (D:10)
  12 kobolds
  4 quokkas
  13 ball pythons (Sewer)
  7 bats
  17 frilled lizards
  A jackal skeleton (D:5)
  A quokka zombie (D:7)
  7 rats
376 creatures vanquished.

Notes
Turn   | Place    | Note
-------+----------+-------------------------------------------
     0 | D:1      | Menchi the Gnoll Fighter began the quest for the Orb.
     0 | D:1      | Reached XP level 1. HP: 23/23 MP: 1/1
    97 | D:1      | Reached XP level 2. HP: 29/29 MP: 2/2
   320 | D:1      | Reached XP level 3. HP: 32/35 MP: 3/3
   701 | D:2      | Reached skill level 1 in Invocations
   714 | D:2      | Reached skill level 1 in Short Blades
   714 | D:2      | Reached skill level 1 in Axes
   714 | D:2      | Reached skill level 1 in Maces & Flails
   714 | D:2      | Reached skill level 1 in Polearms
   714 | D:2      | Reached skill level 1 in Staves
   714 | D:2      | Reached skill level 1 in Slings
   714 | D:2      | Reached skill level 1 in Bows
   714 | D:2      | Reached skill level 1 in Crossbows
   714 | D:2      | Reached skill level 1 in Throwing
   714 | D:2      | Reached skill level 1 in Dodging
   714 | D:2      | Reached skill level 1 in Stealth
   714 | D:2      | Reached skill level 1 in Unarmed Combat
   714 | D:2      | Reached skill level 1 in Spellcasting
   714 | D:2      | Reached skill level 1 in Evocations
   714 | D:2      | Reached XP level 4. HP: 23/41 MP: 5/5
   732 | D:2      | Found a sparkling altar of Nemelex Xobeh.
  1158 | D:2      | Found an ornate altar of the Wu Jian Council.
  1224 | D:2      | Reached skill level 1 in Conjurations
  1224 | D:2      | Reached skill level 1 in Hexes
  1224 | D:2      | Reached skill level 1 in Charms
  1224 | D:2      | Reached skill level 1 in Summonings
  1224 | D:2      | Reached skill level 1 in Necromancy
  1224 | D:2      | Reached skill level 1 in Translocations
  1224 | D:2      | Reached skill level 1 in Transmutations
  1224 | D:2      | Reached skill level 1 in Fire Magic
  1224 | D:2      | Reached skill level 1 in Ice Magic
  1224 | D:2      | Reached skill level 1 in Air Magic
  1224 | D:2      | Reached skill level 1 in Earth Magic
  1224 | D:2      | Reached skill level 1 in Poison Magic
  1511 | D:3      | Found an opulent altar of Gozag.
  1565 | D:3      | Reached XP level 5. HP: 12/47 MP: 5/7
  1755 | D:3      | Found a blossoming altar of Fedhas.
  1757 | D:3      | Found a stormy altar of Qazlal.
  1758 | D:3      | Found a sacrificial altar of Ru.
  2043 | D:3      | Found a glowing drain.
  2068 | Sewer    | Entered a sewer
  2274 | Sewer    | Reached XP level 6. HP: 33/53 MP: 8/8
  2524 | Sewer    | Reached skill level 5 in Long Blades
  2565 | Sewer    | Reached XP level 7. HP: 37/59 MP: 10/10
  2945 | D:4      | Found the +3 giant club "Skullcrusher" {speed, Str+7}
  3338 | D:4      | Found an iron altar of Okawaru.
  3340 | D:4      | Found an ancient bone altar of Kikubaaqudgha.
  3403 | D:5      | Entered Level 5 of the Dungeon
  3516 | D:5      | Found a white marble altar of Elyvilon.
  3518 | D:5      | Found a runed translucent door.
  3518 | D:5      | Noticed an angel
  3604 | D:5      | Found a staircase to the Ecumenical Temple.
  3631 | D:5      | Found a basalt altar of Yredelemnul.
  4019 | D:6      | Found a radiant altar of Vehumet.
  4122 | D:6      | Reached XP level 8. HP: 53/67 MP: 12/12
  4884 | D:7      | Found a shadowy altar of Dithmenos.
  4895 | D:7      | Became a worshipper of Dithmenos the Shadowed
  5153 | D:7      | Reached XP level 9. HP: 72/72 MP: 14/14
  5794 | D:8      | Found a staircase to the Lair.
  5856 | D:8      | Reached * piety under Dithmenos
  5988 | D:8      | Found a hazy altar of Hepliaklqana.
  6318 | D:8      | Reached skill level 5 in Invocations
  6322 | D:8      | Reached XP level 10. HP: 43/80 MP: 15/17
  6678 | D:9      | Reached skill level 5 in Short Blades
  6678 | D:9      | Reached skill level 5 in Axes
  6678 | D:9      | Reached skill level 5 in Maces & Flails
  6678 | D:9      | Reached skill level 5 in Polearms
  6678 | D:9      | Reached skill level 5 in Staves
  6678 | D:9      | Reached skill level 5 in Slings
  6678 | D:9      | Reached skill level 5 in Bows
  6678 | D:9      | Reached skill level 5 in Crossbows
  6678 | D:9      | Reached skill level 5 in Throwing
  6678 | D:9      | Reached skill level 5 in Dodging
  6678 | D:9      | Reached skill level 5 in Stealth
  6678 | D:9      | Reached skill level 5 in Unarmed Combat
  6678 | D:9      | Reached skill level 5 in Spellcasting
  6678 | D:9      | Reached skill level 5 in Evocations
  6854 | D:9      | Learned a level 3 spell: Dazzling Spray
  7079 | D:10     | Entered Level 10 of the Dungeon
  7090 | D:10     | Noticed a two-headed ogre
  7103 | D:10     | Killed a two-headed ogre
  7139 | D:10     | Noticed a two-headed ogre
  7249 | D:10     | Noticed a two-headed ogre
  7259 | D:10     | HP: 2/82 [two-headed ogre/+0 giant club (18)]
  7263 | D:10     | Killed a two-headed ogre
  7540 | D:10     | Reached ** piety under Dithmenos
  7608 | D:10     | Found a runed translucent gate.
  7608 | D:10     | Found a runed translucent gate.
  7608 | D:10     | Found a runed translucent gate.
  7610 | D:10     | Noticed fairgil's ghost (novice MiFi)
  7689 | D:10     | Reached XP level 11. HP: 87/87 MP: 19/19
  7907 | D:10     | Reached *** piety under Dithmenos
  7945 | D:10     | Found a staircase to the Orcish Mines.
  7965 | D:10     | Noticed Erica
  7975 | D:10     | Killed Erica
  7975 | D:10     | Reached skill level 5 in Conjurations
  7975 | D:10     | Reached skill level 5 in Hexes
  7975 | D:10     | Reached skill level 5 in Charms
  7975 | D:10     | Reached skill level 5 in Summonings
  7975 | D:10     | Reached skill level 5 in Necromancy
  7975 | D:10     | Reached skill level 5 in Translocations
  7975 | D:10     | Reached skill level 5 in Transmutations
  7975 | D:10     | Reached skill level 5 in Fire Magic
  7975 | D:10     | Reached skill level 5 in Ice Magic
  7975 | D:10     | Reached skill level 5 in Air Magic
  7975 | D:10     | Reached skill level 5 in Earth Magic
  7975 | D:10     | Reached skill level 5 in Poison Magic
  8201 | D:10     | Reached **** piety under Dithmenos
  8534 | D:10     | Killed a two-headed ogre
  8981 | Orc:1    | Entered Level 1 of the Orcish Mines
  9107 | Orc:1    | Noticed a two-headed ogre
  9120 | Orc:1    | Killed a two-headed ogre
  9387 | Orc:2    | Entered Level 2 of the Orcish Mines
  9387 | Orc:2    | Found a staircase to the Elven Halls.
  9577 | Orc:2    | Noticed an orc knight
  9582 | Orc:2    | Killed an orc knight
  9582 | Orc:2    | Reached XP level 12. HP: 96/96 MP: 20/22
  9584 | Orc:2    | Noticed a two-headed ogre
  9591 | Orc:2    | Noticed a two-headed ogre
  9595 | Orc:2    | Noticed a two-headed ogre
  9596 | Orc:2    | Killed a two-headed ogre
  9602 | Orc:2    | Noticed a two-headed ogre
  9604 | Orc:2    | Killed a two-headed ogre
  9604 | Orc:2    | Noticed a two-headed ogre
  9609 | Orc:2    | Reached ***** piety under Dithmenos
  9610 | Orc:2    | Noticed a two-headed ogre
  9613 | Orc:2    | Killed a two-headed ogre
  9615 | Orc:2    | Killed a two-headed ogre
  9616 | Orc:2    | Killed a two-headed ogre
  9625 | Orc:2    | Noticed an ogre mage
  9626 | Orc:2    | Killed a two-headed ogre
  9626 | Orc:2    | Slain by an ogre

Skill      XL: |  1  2  3  4  5  6  7  8  9 10 11 12 |
---------------+-------------------------------------+-----
Invocations    | 1 2 3 4 5 6 7 8 |  8.0
Short Blades   | 1 2 3 4 5 6 7 |  7.3
Axes           | 1 2 3 4 5 6 7 |  7.3
Maces & Flails | 1 2 3 4 5 6 7 |  7.3
Polearms       | 1 2 3 4 5 6 7 |  7.3
Staves         | 1 2 3 4 5 6 7 |  7.3
Slings         | 1 2 3 4 5 6 7 |  7.3
Bows           | 1 2 3 4 5 6 7 |  7.3
Crossbows      | 1 2 3 4 5 6 7 |  7.3
Throwing       | 1 2 3 4 5 6 7 |  7.3
Dodging        | 1 2 3 4 5 6 7 |  7.3
Stealth        | 1 2 3 4 5 6 7 |  7.3
Unarmed Combat | 1 2 3 4 5 6 7 |  7.3
Spellcasting   | 1 2 3 4 5 6 7 |  7.3
Evocations     | 1 2 3 4 5 6 7 |  7.3
Conjurations   | 1 2 3 4 5 6 |  6.0
Hexes          | 1 2 3 4 5 6 |  6.0
Charms         | 1 2 3 4 5 6 |  6.0
Summonings     | 1 2 3 4 5 6 |  6.0
Necromancy     | 1 2 3 4 5 6 |  6.0
Translocations | 1 2 3 4 5 6 |  6.0
Transmutations | 1 2 3 4 5 6 |  6.0
Fire Magic     | 1 2 3 4 5 6 |  6.0
Ice Magic      | 1 2 3 4 5 6 |  6.0
Air Magic      | 1 2 3 4 5 6 |  6.0
Earth Magic    | 1 2 3 4 5 6 |  6.0
Poison Magic   | 1 2 3 4 5 6 |  6.0
Long Blades    | 5 6 7 8 |  8.7
Fighting       | 7 8 9 |  9.8
Armour         | 7 8 9 |  9.8
Shields        | 7 8 9 |  9.8

Action                   |  1- 3 |  4- 6 |  7- 9 | 10-12 || total
-------------------------+-------+-------+-------+-------++-------
Melee: Dagger            |    91 |   425 |    60 |       ||   576
       Long sword        |     3 |       |       |       ||     3
       Bite              |    11 |    50 |    38 |    77 ||   176
       Hand axe          |       |       |   204 |   436 ||   640
       Punch             |       |       |     3 |    16 ||    19
 Cast: Dazzling Spray    |       |       |       |     3 ||     3
Evoke: Wand              |       |       |       |     6 ||     6
  Use: Scroll            |       |     6 |    15 |       ||    21
       Potion            |       |       |       |     9 ||     9
 Stab: Sleeping          |       |       |     7 |     5 ||    12
       Invisible         |       |       |       |     1 ||     1
  Eat: Chunk             |       |     6 |    11 |    11 ||    28
       Ration            |       |       |     1 |     1 ||     2
Armor: Scale mail        |    50 |   177 |     9 |       ||   236
       Ring mail         |       |       |    89 |   100 ||   189
       Skin              |       |       |       |    39 ||    39
Dodge: Dodged            |    43 |   138 |   122 |   498 ||   801
Block: Shield            |    59 |   280 |    95 |       ||   434
       Rpst.: Long sword |     1 |       |       |       ||     1
